AoeStats
← TmZ_gazolla86

Four Lakes

509469631Analyzed
1v1 RM · 7d ago on Sep 26, 2026· 30m 34s· 2 players
Game mode
Random Map
Map size
Tiny (2 player)
Population
200
Speed
Normal
Resources
Standard
Victory
Conquest
Starting age
Dark Age
Ending age
Imperial Age
RankedLock teamsTeams togetherTeam positionsShared explorationLock speedFull tech treeHidden civsTurbo modeCheats
Victory
Defeat
🇧🇷 Varangians · Brazil
1167
+14
🇳🇿 Mongols · New Zealand
1121
-14
Windows97
6:17 Loom
8:23 Feudal Age
9:53 Double-Bit Axe
13:04 Scale Barding Armor
20:12 Fletching
24:32 Castle Age
23:27 Wheelbarrow
24:58 Crossbowman
27:27 Hand Cart
TmZ_gazolla86
7:45 Loom
10:50 Feudal Age
11:13 Man-at-Arms
11:54 Double-Bit Axe
13:05 Forging
12:56 Scale Mail Armor
18:08 Horse Collar
20:30 Arson
21:34 Scale Barding Armor
22:47 Bloodlines
27:53 Castle Age
27:24 Wheelbarrow
26:35 Town Watch
Connection lost

Rejoining the realm…

Still unreachable

The connection could not be restored.

Session expired

The server has moved on; the page needs a fresh start.